 Dungeon Crawl Stone Soup version 0.28-a0-563-gf77a47075d (webtiles) character file.

Game seed: 4085627837234394173

124 iamoutofideas the Chopper (level 5, -1/47 HPs)
             Began as a Hill Orc Monk on Oct 1, 2021.
             Slain by a gnoll (9 damage)
             ... on level 2 of the Dungeon.
             The game lasted 00:02:18 (3769 turns).

iamoutofideas the Chopper (Hill Orc Monk)           Turns: 3769, Time: 00:02:19

Health: -1/47      AC:  5    Str: 15    XL:     5   Next: 8%
Magic:  5/5        EV: 11    Int: 10    God:
Gold:   116        SH:  0    Dex: 13    Spells: 4/4 levels left

rFire   . . .      SeeInvis +   a - +0 hand axe
rCold   . . .      Faith    .   (no shield)
rNeg    . . .      Spirit   .   i - +0 ring mail
rPois   .          Reflect  .   (no helmet)
rElec   .          Harm     .   (no cloak)
rCorr   .          Rampage  .   (no gloves)
Will    .....                   (no boots)
Stlth   +.........              (no amulet)
HPRegen 0.15/turn               e - ring of see invisible
MPRegen 0.09/turn               (no ring)

@: no status effects
A: no striking features
a: no special abilities


You were on level 2 of the Dungeon.
You visited 1 branch of the dungeon, and saw 3 of its levels.

You collected 116 gold pieces.

Inventory:

Hand Weapons
 a - a +0 hand axe (weapon)
Armour
 b - a +0 robe
 h - a +0 chain mail
 i - a +0 ring mail (worn)
Jewellery
 e - a ring of see invisible (left hand)
Scrolls
 c - a scroll of identify {unknown}
 f - a scroll of blinking {unknown}
 j - a scroll of vulnerability {unknown}
Potions
 g - a potion of degeneration {unknown}
 k - a potion of curing {unknown}


   Skills:
 + Level 4.5 Fighting
 + Level 5.7 Axes
 + Level 1.4 Armour
 + Level 3.0 Dodging
 - Level 1.5 Stealth


You had 4 spell levels left.
You didn't know any spells.
Your spell library contained the following spells:

 Spells                   Type           Power      Damage    Failure   Level
 Shock                    Conj/Air       0%         1d3       58%         1
 Gell's Gravitas          Tloc           0%         N/A       91%         3
 Swiftness                Air            0%         N/A       91%         3
 Teleport Other           Tloc           0%         N/A       91%         3
 Airstrike                Air            0%         N/A       100%        4
 Dispersal                Tloc           0%         N/A       100%        6


Dungeon Overview and Level Annotations

Branches:
Dungeon (3/15)

Altars:

Annotations:
D:2 exclusion: downstairs


Message History

You climb upwards.
Level annotation: exclusion: downstairs
There is a stone staircase leading down, spattered with blood here.
Unknown command.
You barely miss the gnoll. The gnoll hits you with a +0 halberd!
* * * LOW HITPOINT WARNING * * *
You completely miss the gnoll. The gnoll hits you with a +0 halberd.
* * * LOW HITPOINT WARNING * * *
You closely miss the gnoll. The gnoll hits you with a +0 halberd.
* * * LOW HITPOINT WARNING * * *
You closely miss the gnoll. The gnoll barely misses you.
It was a potion of heal wounds.
You feel much better. The gnoll hits you with a +0 halberd!
You hit the gnoll but do no damage. The gnoll barely misses you.
You hit the gnoll.
The gnoll is lightly wounded.
The gnoll hits you with a +0 halberd!
You barely miss the gnoll.
The gnoll is lightly wounded.
The gnoll barely misses you.
You hit the gnoll.
The gnoll is moderately wounded.
The gnoll closely misses you.
You hit the gnoll but do no damage.
The gnoll is moderately wounded.
The gnoll barely misses you.
You closely miss the gnoll.
The gnoll is moderately wounded.
The gnoll hits you but does no damage.
You hit the gnoll.
The gnoll is heavily wounded.
The gnoll closely misses you.
You closely miss the gnoll.
The gnoll is heavily wounded.
The gnoll hits you with a +0 halberd!
* * * LOW HITPOINT WARNING * * *
You closely miss the gnoll.
The gnoll is heavily wounded.
The gnoll hits you with a +0 halberd!
You die...

#.###.#...)#.#..#.#..........#.#
........##......#.###.######.#.#
#.###...<#.#.##.#.# #........#.#
#.# #(#..#.#.##.#.############.#
#.# #.#..#.#.##.#.##...........#
#.###.##.#.#.##...##.###########
#.#........#.#######.#
.....####.##.##### #.#
...............g@# #.#
.##.#####.#####.)# #.#
...........####..# #.#
####.#####.......# #.# .....#
#.####.## #.#
##########.####.####.#
...#..(.†............#
...#.######.###.###### .###.#
#..##.#


You could see a gnoll.

Vanquished Creatures
  An orc priest (D:2)
  A howler monkey zombie (D:3)
  A gnoll (D:2)
  An adder (D:3)
  3 worms
  4 dart slugs
  3 orcs (D:2)
  3 endoplasms
  A giant cockroach (D:2)
  A hobgoblin (D:2)
  6 jackals
  2 quokkas (D:2)
  7 ball pythons
  2 bats
  2 frilled lizards (D:1)
  2 goblins (D:1)
  6 kobolds
  7 rats
53 creatures vanquished.

Notes
Turn   | Place    | Note
-------+----------+-------------------------------------------
     0 | D:1      | iamoutofideas the Hill Orc Monk began the quest for the
                  | Orb.
     0 | D:1      | Reached XP level 1. HP: 19/19 MP: 1/1
   437 | D:1      | Reached XP level 2. HP: 21/27 MP: 2/2
  1329 | D:2      | Reached XP level 3. HP: 30/33 MP: 3/3
  2010 | D:2      | Reached skill level 5 in Axes
  2460 | D:2      | Reached XP level 4. HP: 16/41 MP: 4/4
  2851 | D:3      | Reached skill level 1 in Armour
  3144 | D:3      | HP: 2/41 [gnoll (6)]
  3451 | D:2      | HP: 2/41 [gnoll (6)]
  3453 | D:2      | Reached XP level 5. HP: 3/47 MP: 5/5
  3769 | D:2      | Slain by a gnoll

Illustrated notes

Levels and vault maps discovered:
D:1:      heliophobic_arrival_dark_side_of_the_moon, layout_loops_ring
D:2:      layout_basic
D:3:      layout_rooms, nemelex_xobeh_ov_fountains_minmay,
          uniq_crazy_yiuf_cottage

Skill      XL: |  1  2  3  4 |
---------------+-------------+-----
Fighting       | 4 |  4.5
Axes           | 5 |  5.7
Armour         | 1 |  1.4
Dodging        | 3 |  3.0
Stealth        | |  1.5

Action                   |  1- 3 |  4- 6 || total
-------------------------+-------+-------++-------
Melee: Hand axe          |   136 |    71 ||   207
  Use: Potion            |       |     1 ||     1
 Stab: Sleeping          |     5 |       ||     5
Armor: Robe              |    14 |       ||    14
       Ring mail         |    10 |    18 ||    28
       Chain mail        |     3 |       ||     3
Dodge: Dodged            |    67 |    49 ||   116

Table legend: (Time is in decaauts)
 A = Elapsed time spent in this place.
 B = Non-inter-level travel time spent in this place.
 C = Inter-level travel time spent in this place.
 D = Time resting spent in this place.
 E = Time spent auto-exploring this place.
 F = Levels seen in this place.
 G = Mean time per level.
                   A        B        C        D        E       F      G
               +--------+--------+--------+--------+--------+-----+--------+
         Total |   3781 |   3721 |     60 |   1230 |   2026 |   3 | 1260.3 |
       Dungeon |   3781 |   3721 |     60 |   1230 |   2026 |   3 | 1260.3 |
               +--------+--------+--------+--------+--------+-----+--------+

Top non-repeatable levels by time:
     D:2: 2131 daAuts
     D:1: 1328 daAuts
     D:3: 320 daAuts
